ORI
HAMILTON ROSS RAMS @ ARIZONA STATE UNIVERSITY SUN DEVILS
12/09/2049
 
TOP OF THE 1ST
Hamilton Ross Rams batting - Pitching for Arizona State University Sun Devils : RHP Travis Varney
Pitching: RHP Travis Varney
Batting: LHB Addergoole Kartosuwiryo 0-0: Ball
1-0: Swinging Strike
1-1: Called Strike
1-2: Foul Ball, location: 3FF
1-2: Strikes out looking
Batting: RHB Giovonni Melis 0-0: Called Strike
0-1: Swinging Strike
0-2: Ball
1-2: SINGLE (Line Drive, 34D, EV 100.0 MPH)
Batting: RHB Burke Miller 0-0: Called Strike
0-1: Foul Ball, location: 25F
0-2: Foul Ball, location: 2F
0-2: Strikes out swinging
Batting: LHB Miguel Silveira 0-0: Called Strike
0-1: Ball
1-1: Ball
2-1: Ground out U3 (Groundball, 3S, EV 70.6 MPH)
Top of the 1st over - 0 runs, 1 hit, 0 errors, 1 left on base; Hamilton Ross 0 - Arizona State University 0
BOTTOM OF THE 1ST
Arizona State University Sun Devils batting - Pitching for Hamilton Ross Rams : RHP Matt Pepin
Pitching: RHP Matt Pepin
Batting: LHB Eric Russell 0-0: Foul Ball, location: 2RF
0-1: Foul Ball, location: 7LDF
0-2: Ball
1-2: Ball
2-2: Ball
3-2: Ground out 6-3 (Groundball, 56, EV 88.8 MPH)
Batting: RHB Hervé Papin 0-0: Foul Ball, location: 9LSF
0-1: Ball
1-1: Ball
2-1: Foul Ball, location: 2F
2-2: Foul Ball, location: 9LDF
2-2: Ball
3-2: Fly out, F4 (Line Drive, 4, EV 75.0 MPH)
Batting: LHB Randy Marquez 0-0: Called Strike
0-1: Swinging Strike
0-2: DOUBLE (Line Drive, 9LS, EV 110.0 MPH)
Batting: LHB Timon Giorgiou 0-0: Foul Ball, location: 3FF
0-1: Ball
1-1: Foul Ball, location: 7LMF
1-2: Foul Ball, location: 25F
1-2: Strikes out looking
Bottom of the 1st over - 0 runs, 1 hit, 0 errors, 1 left on base; Hamilton Ross 0 - Arizona State University 0
TOP OF THE 2ND
Hamilton Ross Rams batting - Pitching for Arizona State University Sun Devils : RHP Travis Varney
Batting: RHB Sam Costello 0-0: Ball
1-0: Swinging Strike
1-1: Ball
2-1: Ball
3-1: Foul Ball, location: 9LDF
3-2: Fly out, F8 (Flyball, 8RD, EV 107.5 MPH)
Batting: RHB Mark Kerr 0-0: Ground out 5-3 (Groundball, 25, EV 90.0 MPH)
Batting: RHB Anderson Shumate 0-0: Called Strike
0-1: Ball
1-1: Ball
2-1: Ball
3-1: Foul Ball, location: 5DF
3-2: Strikes out swinging
Top of the 2nd over - 0 runs, 0 hits, 0 errors, 0 left on base; Hamilton Ross 0 - Arizona State University 0
BOTTOM OF THE 2ND
Arizona State University Sun Devils batting - Pitching for Hamilton Ross Rams : RHP Matt Pepin
Batting: RHB Rusty Gee 0-0: Ball
1-0: Foul Ball, location: 25F
1-1: Ball
2-1: Foul Ball, location: 7LSF
2-2: Foul Ball, location: 25F
2-2: Strikes out swinging
Batting: RHB Carl Evans 0-0: SINGLE (Line Drive, 7S, EV 106.9 MPH)
Batting: RHB Kawenaula Kapali 0-0: Ball
1-0: Foul Ball, location: 25FF
1-1: Foul Ball, location: 3F
1-2: Ball
2-2: Foul Ball, location: 9LMF
2-2: Foul Ball, location: 25F
2-2: Foul Ball, location: 25F
2-2: Strikes out swinging
Batting: RHB John Burgis 0-0: Ball
1-0: Fly out, F8 (Line Drive, 8LM, EV 88.8 MPH)
Bottom of the 2nd over - 0 runs, 1 hit, 0 errors, 1 left on base; Hamilton Ross 0 - Arizona State University 0
TOP OF THE 3RD
Hamilton Ross Rams batting - Pitching for Arizona State University Sun Devils : RHP Travis Varney
Batting: SHB Steve Bailey 0-0: Ball
1-0: SINGLE (Line Drive, 8RS, EV 91.3 MPH)
Batting: RHB C.J. Fleet 0-0: Sac Bunt to 2R - play at first, batter OUT! 2-3
Steve Bailey to second
Batting: LHB Addergoole Kartosuwiryo 0-0: Called Strike
0-1: Foul Ball, location: 3SF
0-2: Foul Ball, location: 7LMFF
0-2: Strikes out looking
Batting: RHB Giovonni Melis 0-0: Called Strike
0-1: Called Strike
0-2: Ball
1-2: Ground out 1-3 (Groundball, 34S, EV 77.5 MPH)
Top of the 3rd over - 0 runs, 1 hit, 0 errors, 1 left on base; Hamilton Ross 0 - Arizona State University 0
BOTTOM OF THE 3RD
Arizona State University Sun Devils batting - Pitching for Hamilton Ross Rams : RHP Matt Pepin
Batting: LHB Burraga Iukini 0-0: Called Strike
0-1: Ball
1-1: Swinging Strike
1-2: Ball
2-2: Fly out, F9 (Flyball, 9D, EV 105.0 MPH)
Batting: LHB Eric Russell 0-0: Ball
1-0: DOUBLE (Line Drive, 7LD, EV 106.3 MPH)
Batting: RHB Hervé Papin 0-0: Called Strike
Eric Russell steals 3rd base
0-1: Ball
1-1: Ball
2-1: Swinging Strike
2-2: DOUBLE (Line Drive, 9LS, EV 108.8 MPH)
Eric Russell scores
Batting: LHB Randy Marquez 0-0: Ball
1-0: Called Strike
1-1: Ball
2-1: Foul Ball, location: 7LSF
2-2: Ball
3-2: Fly out, F7 (Flyball, 78M, EV 93.8 MPH)
Batting: LHB Timon Giorgiou 0-0: Called Strike
0-1: Ball
1-1: Foul Ball, location: 2F
1-2: Foul Ball, location: 7LDF
1-2: Ball
2-2: Ball
3-2: Foul Ball, location: 7LDF
3-2: Ground out U3 (Groundball, 3, EV 86.9 MPH)
Bottom of the 3rd over - 1 run, 2 hits, 0 errors, 1 left on base; Hamilton Ross 0 - Arizona State University 1
TOP OF THE 4TH
Hamilton Ross Rams batting - Pitching for Arizona State University Sun Devils : RHP Travis Varney
Batting: RHB Burke Miller 0-0: Ball
1-0: Swinging Strike
1-1: Ball
2-1: Swinging Strike
2-2: Foul Ball, location: 3F
2-2: Strikes out swinging
Batting: LHB Miguel Silveira 0-0: Ball
1-0: Ball
2-0: Called Strike
2-1: Ball
3-1: Swinging Strike
3-2: Fly out, F9 (Flyball, 9S, EV 92.5 MPH)
Batting: RHB Sam Costello 0-0: Swinging Strike
0-1: Foul Ball, location: 3F
0-2: Strikes out swinging
Top of the 4th over - 0 runs, 0 hits, 0 errors, 0 left on base; Hamilton Ross 0 - Arizona State University 1
BOTTOM OF THE 4TH
Arizona State University Sun Devils batting - Pitching for Hamilton Ross Rams : RHP Matt Pepin
Batting: RHB Rusty Gee 0-0: Foul Ball, location: 2F
0-1: Called Strike
0-2: Ball
1-2: Strikes out swinging
Batting: RHB Carl Evans 0-0: Ball
1-0: Swinging Strike
1-1: Swinging Strike
1-2: Strikes out swinging
Batting: RHB Kawenaula Kapali 0-0: Ball
1-0: Ball
2-0: Foul Ball, location: 9LSF
2-1: Ball
3-1: Called Strike
3-2: Ground out 6-3 (Groundball, 6, EV 82.5 MPH)
Bottom of the 4th over - 0 runs, 0 hits, 0 errors, 0 left on base; Hamilton Ross 0 - Arizona State University 1
TOP OF THE 5TH
Hamilton Ross Rams batting - Pitching for Arizona State University Sun Devils : RHP Travis Varney
Batting: RHB Mark Kerr 0-0: Fly out, F9 (Line Drive, 89M, EV 91.3 MPH)
Batting: RHB Anderson Shumate 0-0: Foul Ball, location: 3F
0-1: Ball
1-1: Ball
2-1: Ground out 6-3 (Groundball, 56, EV 89.4 MPH)
Batting: SHB Steve Bailey 0-0: Ball
1-0: Fly out, F8 (Flyball, 8RXD, EV 112.5 MPH)
Top of the 5th over - 0 runs, 0 hits, 0 errors, 0 left on base; Hamilton Ross 0 - Arizona State University 1
BOTTOM OF THE 5TH
Arizona State University Sun Devils batting - Pitching for Hamilton Ross Rams : RHP Matt Pepin
Batting: RHB John Burgis 0-0: Fly out, F3 (Line Drive, 34, EV 70.6 MPH)
Batting: LHB Burraga Iukini 0-0: Swinging Strike
0-1: Swinging Strike
0-2: Ball
1-2: Ball
2-2: Foul Ball, location: 2F
2-2: Strikes out swinging
Batting: LHB Eric Russell 0-0: Swinging Strike
0-1: Foul Ball, location: 2LF
0-2: Foul Ball, location: 25F
0-2: Ball
1-2: Ball
2-2: Strikes out swinging
Bottom of the 5th over - 0 runs, 0 hits, 0 errors, 0 left on base; Hamilton Ross 0 - Arizona State University 1
TOP OF THE 6TH
Hamilton Ross Rams batting - Pitching for Arizona State University Sun Devils : RHP Travis Varney
Batting: RHB C.J. Fleet 0-0: Foul Ball, location: 9LDF
0-1: Foul Ball, location: 3FF
0-2: Ball
1-2: Strikes out looking
Batting: LHB Addergoole Kartosuwiryo 0-0: Called Strike
0-1: Ball
1-1: Foul Ball, location: 25F
1-2: Foul Ball, location: 2F
1-2: Strikes out swinging
Batting: RHB Giovonni Melis 0-0: Foul Ball, location: 5F
0-1: Foul Ball, location: 9LDF
0-2: Foul Ball, location: 5FF
0-2: Ground out 6-3 (Groundball, 6, EV 80.0 MPH)
Top of the 6th over - 0 runs, 0 hits, 0 errors, 0 left on base; Hamilton Ross 0 - Arizona State University 1
BOTTOM OF THE 6TH
Arizona State University Sun Devils batting - Pitching for Hamilton Ross Rams : RHP Matt Pepin
Batting: RHB Hervé Papin 0-0: Ball
1-0: Foul Ball, location: 7LDF
1-1: Called Strike
1-2: Ball
2-2: Ball
3-2: Foul Ball, location: 5DF
3-2: Base on Balls
Batting: LHB Randy Marquez 0-0: Ball
1-0: Called Strike
Hervé Papin steals 2nd base
1-1: Ball
2-1: Foul Ball, location: 3F
2-2: Ball
3-2: Foul Ball, location: 5FF
3-2: Strikes out swinging
Pitching: RHP Gareth Valcourt
Batting: LHB Timon Giorgiou 0-0: Called Strike
0-1: Ball
Hervé Papin steals 3rd base
1-1: Swinging Strike
1-2: Ball
2-2: Strikes out swinging
Batting: RHB Rusty Gee 0-0: SINGLE (Groundball, 5S, EV 69.4 MPH) (infield hit)
Hervé Papin scores
Batting: RHB Carl Evans 0-0: Ball
1-0: Ball
Rusty Gee is caught stealing 2nd base 2-4
Bottom of the 6th over - 1 run, 1 hit, 0 errors, 0 left on base; Hamilton Ross 0 - Arizona State University 2
TOP OF THE 7TH
Hamilton Ross Rams batting - Pitching for Arizona State University Sun Devils : RHP Travis Varney
Pitching: LHP Joe Morgan
Batting: RHB Burke Miller 0-0: Ball
1-0: Ball
2-0: Called Strike
2-1: Ball
3-1: Base on Balls
Pinch Hitting: LHB Jose Lopez 0-0: Ball
1-0: Ball
2-0: Called Strike
2-1: Swinging Strike
2-2: Strikes out swinging
Batting: RHB Sam Costello 0-0: Ball
1-0: Ball
2-0: Called Strike
2-1: Fly out, F9 (Flyball, 89S, EV 95.6 MPH)
Batting: RHB Mark Kerr 0-0: Ball
1-0: Foul Ball, location: 2F
1-1: Ball
Burke Miller steals 2nd base
2-1: Swinging Strike
2-2: Fly out, F9 (Flyball, 89M, EV 91.9 MPH)
Top of the 7th over - 0 runs, 0 hits, 0 errors, 1 left on base; Hamilton Ross 0 - Arizona State University 2
BOTTOM OF THE 7TH
Arizona State University Sun Devils batting - Pitching for Hamilton Ross Rams : RHP Gareth Valcourt
Now at 3B: Waggoner Wagner
Batting: RHB Carl Evans 0-0: Ball
1-0: Called Strike
1-1: Called Strike
1-2: Ball
2-2: Strikes out swinging
Batting: RHB Kawenaula Kapali 0-0: Called Strike
0-1: Swinging Strike
0-2: Ball
1-2: Fly out, F9 (Line Drive, 9LM, EV 92.5 MPH)
Batting: RHB John Burgis 0-0: Swinging Strike
0-1: Swinging Strike
0-2: Ball
1-2: Strikes out looking
Bottom of the 7th over - 0 runs, 0 hits, 0 errors, 0 left on base; Hamilton Ross 0 - Arizona State University 2
TOP OF THE 8TH
Hamilton Ross Rams batting - Pitching for Arizona State University Sun Devils : LHP Joe Morgan
Batting: RHB Anderson Shumate 0-0: Called Strike
0-1: Called Strike
0-2: Ball
1-2: Ball
2-2: Fly out, F7 (Flyball, 78D, EV 103.8 MPH)
Batting: SHB Steve Bailey 0-0: Ball
1-0: Ground out 5-3 (Groundball, 56, EV 93.8 MPH)
Batting: RHB C.J. Fleet 0-0: Ball
1-0: Called Strike
1-1: Ground out 5-3 (Groundball, 56, EV 93.8 MPH)
Top of the 8th over - 0 runs, 0 hits, 0 errors, 0 left on base; Hamilton Ross 0 - Arizona State University 2
BOTTOM OF THE 8TH
Arizona State University Sun Devils batting - Pitching for Hamilton Ross Rams : RHP Gareth Valcourt
Batting: LHB Burraga Iukini 0-0: Ball
1-0: Called Strike
1-1: Foul Ball, location: 2RF
1-2: Strikes out swinging
Batting: LHB Eric Russell 0-0: Called Strike
0-1: Ball
1-1: Swinging Strike
1-2: Strikes out looking
Batting: RHB Hervé Papin 0-0: Foul Ball, location: 3F
0-1: Foul Ball, location: 2F
0-2: Foul Ball, location: 23FF
0-2: Strikes out looking
Bottom of the 8th over - 0 runs, 0 hits, 0 errors, 0 left on base; Hamilton Ross 0 - Arizona State University 2
TOP OF THE 9TH
Hamilton Ross Rams batting - Pitching for Arizona State University Sun Devils : LHP Joe Morgan
Pitching: LHP Coen van Oorschot
Batting: LHB Addergoole Kartosuwiryo 0-0: Called Strike
0-1: Foul Ball, location: 7LMFF
0-2: Fly out, F7 (Flyball, 7LSF, EV 87.5 MPH)
Batting: RHB Giovonni Melis 0-0: Foul Ball, location: 5FF
0-1: Ball
1-1: Ball
2-1: Ground out 4-3 (Groundball, 4, EV 87.5 MPH)
Batting: RHB Burke Miller 0-0: Foul Ball, location: 2F
0-1: Ball
1-1: Foul Ball, location: 2F
1-2: Strikes out swinging
Top of the 9th over - 0 runs, 0 hits, 0 errors, 0 left on base; Hamilton Ross 0 - Arizona State University 2
Sunday, July 16th , 2023 - OOTP Baseball 24.6 Build 69